 Dungeon Crawl Stone Soup version 0.31.0-32-g396128a36d (webtiles) character file.

Game seed: 16382619495539162610

3 TacoSundae the Changeling (level 1, 0/9 HPs)
             Began as a Vine Stalker Shapeshifter on Apr 6, 2024.
             Slain by a hobgoblin (4 damage)
             ... on level 1 of the Dungeon.
             The game lasted 00:00:14 (96 turns).

TacoSundae the Changeling (Vine Stalker Shapeshifter) Turns: 96, Time: 00:00:15

Health: 0/9        AC:  2    Str: 16    XL:     1   Next: 50%
Magic:  0/2        EV: 12    Int: 10    God:
Gold:   0          SH:  0    Dex: 13    Spells: 0/0 levels left

rFire   . .          .
                       - Unarmed
rCold   . . .        (no shield)
rNeg    . . .        a - +0 animal skin
rPois   .            (helmet currently unavailable)
rElec   .            (cloak currently unavailable)
rCorr   .            (gloves currently unavailable)
SInv    .            (boots currently unavailable)
Will    .....        (no amulet)
Stlth   +            (no ring)
HPRegen 1.01/turn    (no ring)
MPRegen 0.08/turn

%: guardian spirit
@: beast-form
A: beast (slay +1), fangs 2, regeneration 1, magic shield, antimagic bite, no
potion heal 2
a: Begin Untransformation


You were on level 1 of the Dungeon.
You were a hulking beast.
You visited 1 branch of the dungeon, and saw 1 of its levels.

Inventory:

Armour
 a - a +0 animal skin (worn)
Talismans
 c - a beast talisman
 d - a flux talisman
Potions
 b - a potion of lignification


   Skills:
 - Level 0.8 Fighting
 - Level 1.5 Dodging
 - Level 3.0 Unarmed Combat
 + Level 3.2 Shapeshifting


You couldn't memorise any spells.
You didn't know any spells.
Your spell library contained the following spells:

 Spells                   Type           Power      Damage    Failure   Level
 Blink                    Tloc           0%         N/A       50%         2
 Lesser Beckoning         Tloc           0%         N/A       50%         2
 Momentum Strike          Conj/Tloc      0%         3d8       50%         2


Dungeon Overview and Level Annotations

Branches:
Dungeon (1/15)

Altars:


Innate Abilities, Weirdness & Mutations

You are a hulking beast.
Your limbs bulge with bestial killing power. (Slay +1)
You have extremely sharp teeth.
Your natural rate of healing is unusually fast.
When hurt, damage is shared between your health and your magic reserves.
Your bite disrupts and absorbs the magic of your enemies.
Potions cannot restore your health.


Message History

Found an escape hatch in the floor.
No target in view!
A rat comes into view.
An endoplasm comes into view.
You completely miss the rat. You bite the rat.
You kill the rat!
Found a book of Spatial Translocations.
The endoplasm quivers.
You hit the endoplasm.
The endoplasm is heavily wounded.
The endoplasm freezes you.
You are frozen.
You hit the endoplasm.
You kill the endoplasm!
No target in view!
You pick up a book of Spatial Translocations and begin reading...
You add the spells Blink, Momentum Strike and Lesser Beckoning to your library.
Magic restored.
Found a stone staircase leading down.
No target in view!
Found 8 stones.
Found a mace.
A frilled lizard comes into view.
The frilled lizard hisses angrily.
A hobgoblin and a rat come into view.
The hobgoblin shouts!
The frilled lizard bites you.
You barely miss the frilled lizard.
The rat squeaks loudly.
Your punch misses the frilled lizard. Your bite misses the frilled lizard.
The frilled lizard closely misses you.
You hit the frilled lizard.
You kill the frilled lizard!
The rat barely misses you.
You barely miss the hobgoblin. The rat bites you.
The hobgoblin hits you but does no damage.
You hit the hobgoblin but do no damage. Your bite misses the hobgoblin.
The rat bites you. The hobgoblin hits you.
You closely miss the hobgoblin. The rat bites you. The hobgoblin hits you.
You die...

........... ....
..........
............... .....
......... #............
.....)#....###
......#†r....### .#
......gh........#.#
#.................######
##..###.##.####..... ..#
.#..###.##.##...... #..#
..................##..#
##.......#.......##..#
#..(..............>.##
#..........####.#....###
.........#.## #.##......


You could see a hobgoblin and a rat.

Vanquished Creatures
  An endoplasm (D:1)
  A ball python (D:1)
  A frilled lizard (D:1)
  A rat (D:1)
4 creatures vanquished.

Notes
Turn   | Place    | Note
-------+----------+-------------------------------------------
     0 | D:1      | TacoSundae the Vine Stalker Shapeshifter began the quest
                  | for the Orb.
     0 | D:1      | Reached XP level 1. HP: 9/9 MP: 2/2
    96 | D:1      | Slain by a hobgoblin

Illustrated notes

Levels and vault maps discovered:
D:1:      lightli_arrival_windingriver, layout_rooms,
          hellmonk_ecumenical_altar_blasted, minmay_misc_feat_five, st_stairs_2,
          serial_park_tiny_pond, hangedman_feature_mirror

Action                     || total
---------------------------++-------
  Melee: Unarmed           ||    10
         Bite              ||     1
 Armour: Animal skin       ||     8
  Dodge: Dodged            ||     2
